 Dungeon Crawl Stone Soup version 0.27-a0-906-g0a00ce863d (webtiles) character file.

Game seed: 871511867356106637

1152 HELP the Sneak (level 8, -1/48 HPs)
             Began as an Octopode Venom Mage on Apr 7, 2021.
             Was an Initiate of Gozag.
             Slain by a bullfrog (5 damage)
             ... on level 6 of the Dungeon.
             The game lasted 00:41:47 (7410 turns).

HELP the Sneak (Octopode Venom Mage)                Turns: 7410, Time: 00:41:47

Health: -1/48      AC:  3    Str:  7    XL:     8   Next: 38%
Magic:  8/13       EV: 17    Int: 20    God:    Gozag
Gold:   620        SH:  0    Dex: 12    Spells: 3/14 levels left

rFire    . . .     SeeInvis .   a - +2 whip (elec)
rCold    . . .     Faith    .   (no shield)
rNeg     . . .     Spirit   .   s - +2 hat
rPois    .         Reflect  .   (no amulet)
rElec    .         Harm     .   u - +4 ring of evasion
rCorr    .         Rampage  .   (no ring)
Will     .....                  (no ring)
Stlth    ++++......             (no ring)
HPRegen  0.16/turn              (no ring)
MPRegen  0.13/turn              (no ring)
                                (no ring)
                                (no ring)

@: confusing by touch
A: almost no armour, amphibious, 8 rings, camouflage 1, gelatinous body 1,
(nimble swimmer 1), tentacles
a: Renounce Religion, Potion Petition, Call Merchant, Bribe Branch


You were on level 6 of the Dungeon.
You worshipped Gozag.
Gozag was pleased with you.
You visited 2 branches of the dungeon, and saw 7 of its levels.
You also visited: Sewer.

You collected 666 gold pieces.
You paid 46 gold pieces to Gozag.

Inventory:

Hand Weapons
 a - a +2 whip of electrocution (weapon)
 b - a +0 vorpal dagger
 z - a +2 vorpal flail
Missiles
 j - 6 boomerangs
 p - 38 sling bullets
 y - 125 stones
Armour
 s - a +2 hat (worn)
 v - a +1 buckler
Magical Staves
 D - a staff of cold
Jewellery
 u - a +4 ring of evasion (left tentacle)
Wands
 w - a wand of paralysis (6)
 x - a wand of mindburst (9)
Scrolls
 c - a scroll of brand weapon
 f - a scroll of silence
 i - 2 scrolls of enchant armour
 o - 2 scrolls of vulnerability
 q - 3 scrolls of fear
 t - a scroll of amnesia
 A - a scroll of immolation {unknown}
 C - a scroll of magic mapping
Potions
 d - 3 potions of brilliance {unknown}
 e - a potion of haste {unknown}
 g - 3 potions of heal wounds
 h - 8 potions of curing
 k - 3 potions of ambrosia
 l - a potion of berserk rage {unknown}
 m - a potion of attraction {unknown}
 n - 3 potions of might {unknown}
 r - a potion of flight {unknown}
 B - a potion of degeneration {unknown}


   Skills:
 - Level 1.2 Fighting
 - Level 2.0 Dodging
 + Level 7.4 Stealth
 - Level 3.6 Spellcasting
 - Level 2.0 Conjurations
 - Level 4.2 Hexes
 - Level 2.0 Transmutations
 - Level 2.0 Fire Magic
 - Level 2.0 Air Magic
 - Level 5.9 Poison Magic


You had 3 spell levels left.
You knew the following spells:

 Your Spells              Type           Power      Damage    Failure   Level
c - Confusing Touch       Hex            20%        N/A       7%          3
s - Mephitic Cloud        Conj/Pois/Air  16%        N/A       11%         3
x - Ignite Poison         Fire/Tmut/Pois 16%        N/A       11%         3
z - Poisonous Vapours     Pois/Air       38%        N/A       4%          2

Your spell library contained the following spells:

 Spells                   Type           Power      Damage    Failure   Level
 Sting                    Tmut/Pois      76%        1d6       2%          1
 Magic Dart               Conj           44%        1d5       6%          1
 Searing Ray              Conj           22%        3d3       9%          2
 Dazzling Flash           Conj/Hex       32%        N/A       11%         3
 Summon Small Mammal      Summ           12%        N/A       14%         1
 Summon Guardian Golem    Hex/Summ       12%        N/A       17%         3
 Call Imp                 Summ           3%         N/A       21%         2
 Call Canine Familiar     Summ           3%         N/A       38%         3
 Gell's Gravitas          Tloc           1%         N/A       38%         3
 Olgreb's Toxic Radiance  Pois           27%        N/A       12%         4
 Fulminant Prism          Conj/Hex       8%         3d7       36%         4
 Iskenderun's Mystic Bla  Conj/Tloc      7%         2d4       65%         4
 Petrify                  Tmut/Erth      7%         N/A       65%         4
 Summon Lightning Spire   Summ/Air       7%         N/A       65%         4
 Yara's Violent Unravell  Hex/Tmut       8%         3d5       71%         5
 Summon Ice Beast         Ice/Summ       3%         N/A       80%         4
 Metabolic Englaciation   Hex/Ice        6%         N/A       83%         5


Dungeon Overview and Level Annotations

Branches:
Dungeon (6/15)             Temple (1/1) D:5           Sewer (visited)

Altars:
Ashenzari
Cheibriados
Dithmenos
Elyvilon
Fedhas
Gozag
Hepliaklqana
Kikubaaqudgha
Makhleb
Nemelex Xobeh
Okawaru
Qazlal
Ru
Sif Muna
Uskayaw
Wu Jian
Xom
Yredelemnul

Annotations:
D:2 Terence
D:6 1 transporter


Innate Abilities, Weirdness & Mutations

You cannot wear most types of armour.
You are amphibious.
You can wear up to eight rings at the same time.
Your skin changes colour to match your surroundings (Stealth+).
Your rubbery body absorbs attacks. (AC +1, EV +1)
((You are camouflaged near water. (Stealth+)))
You have tentacles for arms and can constrict up to eight enemies at once.


Message History

The black bear is engulfed in poison gas.
The black bear looks even sicker.
The black bear goes berserk!
The black bear misses you. The black bear barely misses you.
The black bear claws you!
The black bear bites you but does no damage.
The black bear completely misses you. The black bear misses you.
A water moccasin skeleton comes into view.
The black bear bites you. The black bear closely misses you.
The black bear claws you. The black bear closely misses you.
The black bear claws you. x2
You hear a loud, deep croak!
The black bear barely misses you. The black bear claws you.
The black bear claws you but does no damage.
A bullfrog comes into view.
The black bear closely misses you. The black bear claws you.
The black bear closely misses you.
The bullfrog gives a loud, deep croak!
The black bear looks more healthy.
The black bear bites you. The black bear completely misses you.
The black bear claws you. The black bear closely misses you.
The black bear completely misses you. The black bear barely misses you.
The black bear rages.
Found 13 stones.
The black bear bites you but does no damage.
The black bear barely misses you. The black bear claws you.
The black bear is no longer berserk.
The bullfrog barely misses you. The bullfrog barely misses you.
The bullfrog hits you!
* * * LOW HITPOINT WARNING * * *
Found a ring mail.
Casting: Poisonous Vapours (safe; 4% risk of failure)
Confirm with . or Enter, or press ? or * to list all spells.
Your tentacles begin to glow red.
The bullfrog hits you.
* * * LOW HITPOINT WARNING * * *
You hit the bullfrog but do no damage. Your grab misses the bullfrog.
The bullfrog hits you.
You die...
Your body crumbles into a pile of gold.

*,,,,,,,,,,,,...#....###........*
,,,,,*,*,....................####
,*,,,,,**...[...#..............<.
,,,,,,,,,.......*#.........#.....
,*,*,****.......*#....####.#..##.
.#.#.# *.......*#..^.#..#.#..*,.
...#.# *.......*#....#....#.,*,.
.....####.......##....#.####..#,.
.....##.........@Fh...........#*#
.....##............####.#####..,,
.....##...##.......# #.# #####
..........#####....# #.# #....
.##..........##....# #.#####.###
........≈....##....# ##.#......#*
..##≈≈.≈≈##.)......###....####...
..##≈≈.≈≈##..........#.####u.##..
..≈≈.≈...≈≈......<...#©#(:....*.#


You could see a black bear (slow) and a bullfrog.

Vanquished Creatures
  An ogre (D:4)
  2 centaurs (D:5)
  A phantom (D:4)
  2 kobold brigands
  A bullfrog (D:6)
  2 scorpions
  A wyvern skeleton (D:6)
  A water moccasin skeleton (D:5)
  A jelly (D:4)
  A bullfrog skeleton (D:5)
  2 hounds
  3 iguanas
  4 gnolls (D:4)
  4 adders
  4 river rats (Sewer)
  A worm (D:6)
  6 dart slugs
  3 orcs
  8 bats
  6 endoplasms
  A giant cockroach (D:2)
  A goblin (D:4)
  9 hobgoblins
  4 jackals (D:5)
  22 kobolds
  2 quokkas
  11 ball pythons
  A frilled lizard (Sewer)
  24 rats
129 creatures vanquished.

Notes
Turn   | Place    | Note
-------+----------+-------------------------------------------
     0 | D:1      | HELP the Octopode Venom Mage began the quest for the Orb.
     0 | D:1      | Reached XP level 1. HP: 11/11 MP: 3/3
   289 | D:1      | Reached XP level 2. HP: 18/18 MP: 3/5
   292 | D:1      | Learned a level 2 spell: Poisonous Vapours
   366 | D:1      | Reached skill level 3 in Stealth
  1238 | D:2      | Found an iron altar of Okawaru.
  1259 | D:2      | Reached XP level 3. HP: 22/22 MP: 0/6
  1475 | D:2      | Reached skill level 1 in Fighting
  1749 | D:2      | Learned a level 3 spell: Confusing Touch
  1893 | D:2      | Noticed Terence
  2206 | D:3      | Found a faded altar of an unknown god.
  2659 | D:4      | Reached XP level 4. HP: 28/28 MP: 4/7
  2791 | D:4      | Noticed a phantom
  2834 | D:4      | Reached skill level 1 in Hexes
  3113 | D:4      | Noticed an ogre
  3190 | D:4      | Killed an ogre
  3191 | D:4      | Reached skill level 4 in Stealth
  3191 | D:4      | Reached XP level 5. HP: 33/33 MP: 0/9
  3391 | D:4      | Reached skill level 5 in Poison Magic
  3729 | D:4      | Reached XP level 6. HP: 28/38 MP: 6/10
  3874 | D:5      | Entered Level 5 of the Dungeon
  3920 | D:5      | Found a staircase to the Ecumenical Temple.
  3951 | D:5      | Reached skill level 5 in Stealth
  3974 | Temple   | Entered the Ecumenical Temple
  4045 | Temple   | Became a worshipper of Gozag Ym Sagoz the Greedy
  4185 | D:5      | Reached XP level 7. HP: 43/43 MP: 12/12
  4732 | D:5      | Learned a level 3 spell: Mephitic Cloud
  4736 | D:5      | Learned a level 3 spell: Ignite Poison
  5334 | D:6      | Reached skill level 1 in Conjurations
  5334 | D:6      | Reached skill level 1 in Fire Magic
  5334 | D:6      | Reached skill level 1 in Air Magic
  5530 | D:6      | Reached skill level 6 in Stealth
  5534 | D:6      | Found a glowing drain.
  5562 | Sewer    | Entered a sewer
  5811 | Sewer    | Reached XP level 8. HP: 42/48 MP: 13/13
  7264 | D:6      | Reached skill level 7 in Stealth
  7356 | D:6      | Found a transporter.
  7361 | D:6      | Noticed a red ugly thing
  7363 | D:6      | Noticed a red ugly thing
  7410 | D:6      | Slain by a bullfrog

Illustrated notes

Levels and vault maps discovered:
D:1:      lightli_arrival_flooded_house, layout_basic, serial_forest,
          infiniplex_forest_straight_3, infiniplex_forest_join,
          infiniplex_forest_zigzag_1, infiniplex_forest_zigzag_1,
          infiniplex_forest_corner_1, infiniplex_forest_clump_small,
          infiniplex_forest_straight_5
D:2:      layout_loops_ring, basic_altar, uniq_crazy_yiuf_cottage, uniq_terence
D:3:      layout_rooms, ebering_ecumenical_altar_abandoned
D:4:      layout_loops_ring
D:5:      layout_basic, minmay_temple_entry_junction_2, minmay_fountain_box,
          feat_on_display
D:6:      cheibrodos_iron_armory, layout_basic, gammafunk_ghost_abyssal_escape,
          cheibrodos_sewer_entry_sluice
Temple:   regret_index_temple_mists

Skill      XL: |  1  2  3  4  5  6  7  8 |
---------------+-------------------------+-----
Stealth        | 3 4 5 6 7 |  7.4
Poison Magic   | 4 5 |  5.9
Fighting       | 1 |  1.2
Hexes          | 2 3 4 |  4.2
Spellcasting   | 3 |  3.6
Conjurations   | 1 2 |  2.0
Fire Magic     | 1 2 |  2.0
Air Magic      | 1 2 |  2.0
Transmutations | 2 |  2.0
Dodging        | |  2.0

Action                   |  1- 3 |  4- 6 |  7- 9 || total
-------------------------+-------+-------+-------++-------
Melee: Unarmed           |     7 |       |       ||     7
       Constrict         |     9 |     2 |    11 ||    22
       Tentacles         |     5 |     2 |    11 ||    18
       Whip              |    22 |    19 |    34 ||    75
       Dagger            |       |       |    11 ||    11
Throw: Stone             |     5 |       |       ||     5
 Cast: Sting             |    18 |     2 |     1 ||    21
       Poisonous Vapours |    22 |    25 |    80 ||   127
       Confusing Touch   |       |     2 |     1 ||     3
       Mephitic Cloud    |       |       |     3 ||     3
       Ignite Poison     |       |       |     2 ||     2
  Use: Scroll            |       |     2 |    11 ||    13
 Stab: Sleeping          |     2 |       |       ||     2
       Confused          |       |     1 |       ||     1
Armor: Skin              |     3 |     1 |    11 ||    15
Dodge: Dodged            |    26 |    11 |    67 ||   104

Table legend: (Time is in decaauts)
 A = Elapsed time spent in this place.
 B = Non-inter-level travel time spent in this place.
 C = Inter-level travel time spent in this place.
 D = Time resting spent in this place.
 E = Time spent auto-exploring this place.
 F = Levels seen in this place.
 G = Mean time per level.
                   A        B        C        D        E       F      G
               +--------+--------+--------+--------+--------+-----+--------+
         Total |   7415 |   7160 |    255 |   1527 |   3801 |   8 |  926.9 |
       Dungeon |   5722 |   5484 |    238 |    851 |   3294 |   6 |  953.7 |
        Temple |    179 |    162 |     17 |      0 |    152 |   1 |  179.0 |
         Sewer |   1513 |   1513 |      0 |    676 |    355 |   1 | 1513.0 |
               +--------+--------+--------+--------+--------+-----+--------+

Top non-repeatable levels by time:
   Sewer: 1513 daAuts
     D:4: 1304 daAuts
     D:5: 1157 daAuts
     D:1: 1124 daAuts
     D:2: 918 daAuts
     D:6: 656 daAuts
     D:3: 561 daAuts
  Temple: 179 daAuts
